 Dungeon Crawl Stone Soup version 0.26.1-10-gdfb7c7de75 (webtiles) character file.

Game seed: 17762238942327962642

207 Phaedo the Insei (level 5, -3/39 HPs)
             Began as a Demigod Transmuter on Apr 10, 2021.
             Slain by Grinder (11 damage)
             ... on level 4 of the Dungeon.
             The game lasted 00:09:19 (4415 turns).

Phaedo the Insei (Demigod Transmuter)               Turns: 4415, Time: 00:09:19

Health: -3/39      AC:  2    Str: 13    XL:     5   Next: 29%
Magic:  10/10      EV: 13    Int: 19    God:
Gold:   217        SH:  0    Dex: 16    Spells: 2/8 levels left

rFire    . . .     SeeInvis .     - Unarmed
rCold    . . .     Faith    .   (no shield)
rNeg     . . .     Spirit   .   a - +0 robe
rPois    .         Reflect  .   (helmet currently unavailable)
rElec    .         Harm     .   (no cloak)
rCorr    .         Rampage  .   (no gloves)
Will     .....                  (boots currently unavailable)
Stlth    +.........             (no amulet)
HPRegen  0.13/turn              (no ring)
MPRegen  0.12/turn              (no ring)

@: appendages (expiring)
A: horns 2, talons 2, high mp 1
a: End Transformation


You were on level 4 of the Dungeon.
You had grown temporary horns.
You had grown temporary talons.
You visited 1 branch of the dungeon, and saw 4 of its levels.

You collected 217 gold pieces.

Inventory:

Hand Weapons
 c - a +0 hunting sling
Missiles
 q - 6 stones
Armour
 a - a +0 robe (worn)
 e - a +0 buckler
 h - a +0 helmet (melded)
Scrolls
 l - 2 scrolls of teleportation
Potions
 b - 2 potions of brilliance {unknown}
 d - a potion of mutation {unknown}
 g - 2 potions of curing
 k - a potion of flight {unknown}
 m - a potion of attraction {unknown}
 n - 2 potions of ambrosia
 o - a potion of magic {unknown}
 r - 3 potions of might {unknown}
 s - a potion of invisibility


   Skills:
 - Level 0.8 Fighting
 + Level 2.9 Dodging
 * Level 4.3 Unarmed Combat
 - Level 2.0 Spellcasting
 + Level 3.0 Transmutations
 + Level 0.7 Poison Magic


You had 2 spell levels left.
You knew the following spells:

 Your Spells              Type           Power        Failure   Level
a - Beastly Appendage     Tmut           26%          4%          1
b - Wereblood             Tmut           13%          8%          2
c - Spider Form           Tmut/Pois      4%           24%         3

Your spell library contained the following spells:

 Spells                   Type           Power        Failure   Level
 Ice Form                 Ice/Tmut       7%           65%         4
 Blade Hands              Tmut           6%           80%         5


Dungeon Overview and Level Annotations

Branches:
Dungeon (4/15)
 Temple: D:4-7

Annotations:
D:4 Grinder


Innate Abilities, Weirdness & Mutations

You have an increased reservoir of magic. (+10% MP)
You have a pair of horns on your head.
You have razor-sharp toenails.


Message History

There is a stone staircase leading up here.
Grinder says, "DUCK!"
Grinder hits you.
You writhe in agony.
You hit Grinder. Your kick misses Grinder.
Grinder is lightly wounded.
Grinder hits you!
You writhe in agony.
You closely miss Grinder. You claw Grinder.
You punch Grinder, but do no damage.
Grinder is moderately wounded.
Grinder hits you.
You writhe in agony.
You closely miss Grinder.
Grinder is moderately wounded.
Grinder hits you.
* * * LOW HITPOINT WARNING * * *
You writhe in agony.
* * * LOW HITPOINT WARNING * * *
You hit Grinder. Your kick misses Grinder. You headbutt Grinder!
Grinder is severely wounded.
Grinder hits you!
You die...

#.##.#.#
#.#####.##(#.#
#....l.....#.#
#######.####.#
5..# #.# #####
#.# #.# #5#
#@# #.# #<#
###


You could see Grinder.

Vanquished Creatures
  Jessica (D:3)
  An iguana (D:3)
  Terence (D:2)
  4 adders (D:2)
  A river rat (D:3)
  An ooze (D:1)
  3 worms (D:2)
  3 dart slugs
  2 leopard geckos
  A giant cockroach (D:3)
  6 goblins
  8 hobgoblins
  8 jackals (D:1)
  10 bats
  8 frilled lizards
  6 kobolds
  12 rats
76 creatures vanquished.

Notes
Turn   | Place    | Note
-------+----------+-------------------------------------------
     0 | D:1      | Phaedo the Demigod Transmuter began the quest for the Orb.
     0 | D:1      | Reached XP level 1. HP: 15/15 MP: 5/5
   345 | D:1      | Reached XP level 2. HP: 22/22 MP: 7/7
   359 | D:1      | Reached skill level 3 in Unarmed Combat
   465 | D:1      | Learned a level 2 spell: Wereblood
   816 | D:1      | Reached XP level 3. HP: 26/27 MP: 6/8
  1523 | D:2      | Noticed Terence
  1530 | D:2      | Killed Terence
  1692 | D:2      | Found a faded altar of an unknown god.
  1715 | D:2      | Found a hide-covered altar of Uskayaw.
  1975 | D:2      | Reached XP level 4. HP: 34/34 MP: 7/9
  2728 | D:2      | Reached skill level 4 in Unarmed Combat
  3208 | D:3      | Learned a level 3 spell: Spider Form
  3219 | D:3      | Noticed Jessica
  3245 | D:3      | Killed Jessica
  3246 | D:3      | Reached XP level 5. HP: 28/39 MP: 10/10
  3661 | D:3      | Found a sparkling altar of Nemelex Xobeh.
  4224 | D:4      | Noticed Grinder
  4415 | D:4      | Slain by Grinder

Illustrated notes

Levels and vault maps discovered:
D:1:      roderic_chinese_lattice_arrival, layout_basic
D:2:      layout_loops_cross, old_standard_altar,
          chequers_ecumenical_altar_simple, minmay_misc_feat_doors,
          chequers_serial_rivers_room_a, uniq_terence
D:3:      wander_river, layout_basic, old_standard_altar, portal_sewer_entry_b,
          chequers_serial_rivers_micro_b, uniq_jessica
D:4:      layout_basic, grunt_ashenzari_visionary
          [grunt_ashenzari_visionary_shoals, grunt_ashenzari_visionary_snake],
          uniq_grinder

Skill      XL: |  1  2  3  4  5 |
---------------+----------------+-----
Transmutations | 2 3 |  3.0
Dodging        | 2 |  2.9
Unarmed Combat | 3 4 |  4.3
Spellcasting   | 2 |  2.0
Fighting       | |  0.8
Poison Magic   | |  0.7

Action                   |  1- 3 |  4- 6 || total
-------------------------+-------+-------++-------
Melee: Unarmed           |   138 |    90 ||   228
       Headbutt          |    18 |    12 ||    30
       Kick              |    31 |    28 ||    59
       Punch             |     4 |     2 ||     6
 Cast: Beastly Appendage |    27 |    21 ||    48
  Use: Scroll            |       |     8 ||     8
 Stab: Sleeping          |     1 |     1 ||     2
       Distracted        |       |     1 ||     1
Armor: Robe              |    19 |    12 ||    31
Dodge: Dodged            |    92 |    58 ||   150
